 Dungeon Crawl Stone Soup version 0.30-a0-142-g7370640ec8 (webtiles) character file.

Game seed: 16460658587369436175

65 qw the Chopper (level 4, -2/28 HPs)
             Began as a Gargoyle Fighter on Sept 25, 2022.
             Killed from afar by Natasha (4 damage)
             ... with a magic dart
             ... on level 2 of the Dungeon.
             The game lasted 00:00:39 (2410 turns).

qw the Chopper (Gargoyle Fighter)                   Turns: 2410, Time: 00:00:40

Health: -2/28      AC: 10    Str: 21      XL:     4   Next: 14%
Magic:  4/4        EV:  9    Int:  6 (9)  God:
Gold:   84         SH:  4    Dex: 13 (15) Spells: 3/3 levels left

rFire   . . .      SeeInvis .    Y - +1 war axe
rCold   . . .      Faith    .    c - +0 buckler
rNeg    + . .      Spirit   .    b - +0 scale mail
rPois   inf        Reflect  .    (no helmet)
rElec   +          Harm     .    (no cloak)
rCorr   .          Rampage  .    (no gloves)
Will    .....                    (no boots)
Stlth   ..........               (no amulet)
HPRegen 0.09/turn                j - +6 ring of dexterity
MPRegen 0.09/turn                (no ring)

@: no status effects
A: sickness immunity, AC +3, negative energy resistance 1, electricity
resistance, torment resistance 1, petrification resistance
a: no special abilities


You were on level 2 of the Dungeon.
You visited 1 branch of the dungeon, and saw 2 of its levels.

You collected 84 gold pieces.


Innate Abilities, Weirdness & Mutations

You are immune to sickness and miasma.
Your stone body is resilient. (AC +3)
You are immune to poison.
You resist negative energy. (rN+)
You are resistant to electric shocks. (rElec)
You are resistant to unholy torment.
You are immune to petrification.


   Skills:
 - Level 3.2 Fighting
 + Level 3.6 Axes
 - Level 1.0 Throwing
 - Level 3.2 Armour
 - Level 3.2 Shields


You had 3 spell levels left.
You didn't know any spells.
Your spell library was empty.

Inventory:

Hand Weapons
 l - a +0 flail
 Y - a +1 war axe (weapon)
Missiles
 k - 4 javelins (quivered)
Armour
 b - a +0 scale mail (worn)
 c - a +0 buckler (worn)
Jewellery
 j - a +6 ring of dexterity (left hand)
Scrolls
 f - a scroll of noise {unknown}
 i - a scroll of amnesia {unknown}
 m - a scroll of brand weapon {unknown}
Potions
 a - a potion of brilliance {unknown}
 d - a potion of might
 e - a potion of haste {unknown}
 g - a potion of heal wounds {unknown}
 h - a potion of ambrosia {unknown}

Dungeon Overview and Level Annotations

Branches:
Dungeon (2/15)

Altars:

Annotations:
D:2 Natasha


Message History

Press: ? - help, Q - select action Shift-Dir - straight line, f - ball python You throw a javelin.
The javelin pierces through the ball python!
You kill the ball python!
You see here a ball python corpse.
k - 4 javelins (gained 1)
A giant cockroach comes into view.
Enter note: Throw: 4 javelins
Press: ? - help, Q - select action Shift-Dir - straight line, f - giant cockroach You throw a javelin.
The javelin pierces through the giant cockroach!
You kill the giant cockroach!
k - 4 javelins (gained 1) Natasha, Servant of Life and Death comes into view.
Natasha hisses angrily.
Natasha stares at you and mumbles some strange words.
The magic dart hits you. Natasha claws you!
You hit Natasha.
Natasha is lightly wounded.
You block Natasha's attack.
You completely miss Natasha.
Natasha is lightly wounded.
Natasha claws you but does no damage. x2
You closely miss Natasha.
Natasha is lightly wounded.
Natasha barely misses you.
You closely miss Natasha.
Natasha is lightly wounded.
Natasha claws you!
You barely miss Natasha. You block Natasha's attack.
Natasha casts a spell at you. The magic dart hits you!
You slash Natasha!
Natasha is almost dead.
Natasha stares at you and mumbles some strange words.
The magic dart hits you.
You die...

......######.####
#.###%# #.......###
.# ... #.#
#.##.##...# . #
#..##.# # #.##.#.# .
.. ......# #....#
..#.# ......#
##.#####...
...##.###.###...#...
.......##.......#h#
.#.##..########.@.#
##.##..# #####
.......# ######.#
##)#### #.#...#
##.##.# #.....#
#.###.#


You could see Natasha.

Vanquished Creatures
  2 dart slugs
  3 orcs (D:2)
  4 ball pythons
  4 endoplasms
  3 giant cockroaches (D:2)
  4 goblins
  4 hobgoblins
  3 jackals (D:2)
  3 quokkas (D:1)
  8 bats
  A frilled lizard (D:1)
  6 kobolds (D:1)
  5 rats
50 creatures vanquished.

Notes
Turn   | Place    | Note
-------+----------+-------------------------------------------
     0 | D:1      | qw the Gargoyle Fighter began the quest for the Orb.
     0 | D:1      | Reached XP level 1. HP: 14/14 MP: 1/1
     0 | D:1      | 0 ||| qw: Version: 0.2-a-10-g399e6c4
     0 | D:1      | 0 ||| qw: Game counter: 410
     0 | D:1      | 0 ||| qw: Always use a shield: true
     0 | D:1      | 0 ||| qw: God list: Okawaru
     0 | D:1      | 0 ||| qw: Allow faded altars: false
     0 | D:1      | 0 ||| qw: Do Orc after D:15 true
     0 | D:1      | 0 ||| qw: Do second Lair branch before Depths: true
     0 | D:1      | 0 ||| qw: Lair rune preference: random
     0 | D:1      | 0 ||| qw: Plans: Normal, Zot:1-4, God:TSO, Crypt, Tomb,
                  | Pan, Slime:5, Hells, Abyss, Orb
     0 | D:1      | 0 ||| PLANNING D:1-11
    13 | D:1      | 13 ||| Stepping ~*~*~tactically~*~*~ (hiding).
   192 | D:1      | Reached XP level 2. HP: 16/19 MP: 2/2
   327 | D:1      | 327 ||| Stepping ~*~*~tactically~*~*~ (stealth).
   328 | D:1      | 328 ||| Stepping ~*~*~tactically~*~*~ (stealth).
   329 | D:1      | 329 ||| Stepping ~*~*~tactically~*~*~ (stealth).
   627 | D:1      | Reached skill level 3 in Axes
   681 | D:1      | Reached XP level 3. HP: 22/23 MP: 3/3
  1402 | D:1      | 1402 ||| UPGRADING to +6 ring of dexterity.
  1403 | D:1      | 1403 ||| READING scroll labelled VONIH KENAMAIKHLYD.
  1404 | D:1      | 1404 ||| DRINKING 3 smoky golden potions.
  1405 | D:1      | 1405 ||| DROPPING 2 potions of degeneration.
  1689 | D:2      | 1689 ||| Stepping ~*~*~tactically~*~*~ (stealth).
  1734 | D:2      | 1734 ||| Stepping ~*~*~tactically~*~*~ (stealth).
  2092 | D:2      | 2092 ||| DROPPING +0 whip.
  2105 | D:2      | Reached XP level 4. HP: 24/28 MP: 4/4
  2169 | D:2      | Found a faded altar of an unknown god.
  2207 | D:2      | 2207 ||| Stepping ~*~*~tactically~*~*~ (stealth).
  2253 | D:2      | 2253 ||| Stepping ~*~*~tactically~*~*~ (hiding).
  2258 | D:2      | Reached skill level 1 in Throwing
  2403 | D:2      | Noticed Natasha
  2409 | D:2      | HP: 2/28 [Natasha/magic dart (10)]
  2410 | D:2      | Killed from afar by Natasha

Levels and vault maps discovered:
D:1:      dpeg_arrival_lava_temple_mockup, layout_basic
D:2:      layout_loops_cross, hellmonk_ecumenical_altar_defaced_shrine,
          nicolae_figureground_sparkle, uniq_natasha

Skill      XL: |  1  2  3  4 |
---------------+-------------+-----
Axes           | 2 3 |  3.6
Throwing       | 1 |  1.0
Fighting       | |  3.2
Armour         | |  3.2
Shields        | |  3.2

Action                   |  1- 3 |  4- 6 || total
-------------------------+-------+-------++-------
Melee: War axe           |   124 |     7 ||   131
Throw: Javelin           |     9 |     4 ||    13
  Use: Scroll            |     1 |       ||     1
       Potion            |     1 |       ||     1
Armor: Scale mail        |    67 |     3 ||    70
Dodge: Dodged            |    51 |     2 ||    53
Block: Buckler           |    26 |     2 ||    28

Table legend:
 A = Non-vault XP
 B = Vault XP
 C = Vault XP percentage of total XP
 D = Non-vault monster count
 E = Vault monster count
 F = Vault count percentage of total count
                 A         B        C        D         E       F
            +---------+---------+-------+---------+---------+-------
      Total |      85 |       9 |   9.6 |      47 |       3 |   6.0
            +---------+---------+-------+---------+---------+-------
        D:1 |      46 |       0 |   0.0 |      27 |       0 |   0.0
        D:2 |      39 |       9 |  18.8 |      20 |       3 |  13.0
            +---------+---------+-------+---------+---------+-------
